 Dungeon Crawl Stone Soup version 0.28-a0-1080-g05a166d0ed (webtiles) character file.

Game seed: 7515368639757721326

157 Strat the Chopper (level 5, -8/45 HPs)
             Began as a Naga Gladiator on Dec 8, 2021.
             Mangled by a gnoll shaman (9 damage)
             ... on level 3 of the Dungeon on Dec 9, 2021.
             The game lasted 00:04:16 (2753 turns).

Strat the Chopper (Naga Gladiator)                  Turns: 2753, Time: 00:04:17

Health: -8/45      AC:  5    Str: 18    XL:     5   Next: 38%
Magic:  5/5        EV:  9    Int:  8    God:
Gold:   73         SH:  0    Dex: 13    Spells: 4/4 levels left

rFire   . . .      SeeInvis +   a - +0 war axe
rCold   . . .      Faith    .   (no shield)
rNeg    . . .      Spirit   .   n - +0 ring mail
rPois   +          Reflect  .   c - +0 helmet
rElec   .          Harm     .   (no cloak)
rCorr   .          Rampage  .   (no gloves)
Will    .....                   (no barding)
Stlth   +.........              (no amulet)
HPRegen 0.15/turn               (no ring)
MPRegen 0.09/turn               (no ring)

@: lit by a corona, glowing, very slow
A: AC +1, large, see invisible, deformed body, poison resistance, slowness 2,
spit poison 1, naga tail 1
a: Spit Poison


You were on level 3 of the Dungeon.
You visited 1 branch of the dungeon, and saw 3 of its levels.

You collected 73 gold pieces.

Inventory:

Hand Weapons
 a - a +0 war axe (weapon)
Missiles
 d - 2 throwing nets
 g - 124 stones (quivered)
 k - 10 sling bullets
Armour
 b - a +0 leather armour
 c - a +0 helmet (worn)
 n - a +0 ring mail (worn)
Scrolls
 e - a scroll of fog
 f - a scroll of enchant weapon {unknown}
 h - a scroll of identify {unknown}
 i - a scroll of fear {unknown}
 l - a scroll of summoning {unknown}
Potions
 j - a potion of curing {unknown}
 m - a potion of flight {unknown}
 o - a potion of heal wounds {unknown}
 p - a potion of attraction {unknown}


   Skills:
 - Level 2.0 Fighting
 + Level 5.9 Axes
 - Level 1.7 Throwing
 - Level 2.4 Dodging


You had 4 spell levels left.
You didn't know any spells.
Your spell library was empty.

Dungeon Overview and Level Annotations

Branches:
Dungeon (3/15)

Altars:

Shops:
D:1 :   D:2 ?

Annotations:
D:3 2 runed translucent doors, Hubris850's ghost, amateur MiFi


Innate Abilities, Weirdness & Mutations

Your serpentine skin is tough. (AC +1)
You have supernaturally acute eyesight. (SInv)
Armour fits poorly on your strangely shaped body.
Your system is resistant to poisons. (rPois)
You cover ground very slowly.
You can spit poison.
You have a snake-like lower body.


Message History

The gnoll shaman shouts!
The gnoll shouts!
You hear a shout! x2
A gnoll comes into view. It is wielding a +0 club.
The gnoll shaman invokes the aid of its god against you.
You are outlined in light.
Aiming: Spit Poison (1% risk of failure)
Press: ? - help, Shift-Dir - straight line, f - gnoll shaman
Aim: a gnoll shaman, wielding a +0 club and wearing a +0 leather armour The splash of poison hits the gnoll shaman.
The gnoll shaman is lightly wounded.
Okay, then.
As you read the scroll labelled BAAFUN VIUPS, it crumbles to dust.
The scroll dissolves into smoke.
It was a scroll of fog.
The gnoll shaman calls upon its god to speed up the gnoll.
The gnoll seems to speed up.
The gnoll hits you from afar with a +0 halberd!
The gnoll shaman hits you with a +0 club.
You have got your breath back.
You are no longer glowing.
The gnoll shaman hits you but does no damage.
The gnoll hits you from afar with a +0 halberd.
* * * LOW HITPOINT WARNING * * *
The gnoll shaman calls upon its god to speed up the gnoll.
The gnoll seems to speed up.
The gnoll hits you from afar with a +0 halberd!
* * * LOW HITPOINT WARNING * * *
The gnoll shaman invokes the aid of its god against you.
You are outlined in light.
The gnoll misses you.
The gnoll throws a stone.
The stone hits you.
* * * LOW HITPOINT WARNING * * *
The gnoll hits you from afar with a +0 halberd!
* * * LOW HITPOINT WARNING * * *
The gnoll hits you from afar with a +0 spear.
* * * LOW HITPOINT WARNING * * *
There is a stone staircase leading down, spattered with blood here.
The gnoll hits you from afar with a +0 halberd.
* * * LOW HITPOINT WARNING * * *
The gnoll hits you from afar with a +0 spear.
* * * LOW HITPOINT WARNING * * *
The gnoll shaman hits you with a +0 club!
You die...

#..#.#........#.###
#####..#.#.##......<..#
.......#.#.########.#.#
########.#..........#.#
.........############.#
################## #.# .#
###........# #.# .#
#.......g..# #.g .
.######......g.g@# #.. ..
.....##..§§...g..# #... ...
.###.##.....###### #.......
.....##§§)§§# #.......
#######.§§§§##########......
.........§§§g§g§.g.g.'......
######################......
.........# ..... ########.#
#...


You could see a gnoll shaman and 3 gnolls.

Vanquished Creatures
  A bullfrog skeleton (D:3)
  A howler monkey skeleton (D:2)
  A gnoll (D:1)
  7 adders
  A worm (D:2)
  A dart slug (D:1)
  6 ball pythons
  5 bats
  4 endoplasms
  4 goblins
  3 hobgoblins
  3 jackals (D:2)
  3 quokkas
  4 frilled lizards
  A kobold (D:2)
  A rat (D:2)
46 creatures vanquished.

Notes
Turn   | Place    | Note
-------+----------+-------------------------------------------
     0 | D:1      | Strat the Naga Gladiator began the quest for the Orb.
     0 | D:1      | Reached XP level 1. HP: 19/19 MP: 1/1
    82 | D:1      | Found Pugh's Book Boutique.
   262 | D:1      | Found a faded altar of an unknown god.
   396 | D:1      | Reached XP level 2. HP: 26/26 MP: 2/2
   822 | D:2      | Reached skill level 4 in Axes
   860 | D:2      | Reached XP level 3. HP: 29/32 MP: 3/3
  1311 | D:2      | Reached XP level 4. HP: 34/39 MP: 4/4
  1507 | D:2      | Reached skill level 5 in Axes
  1773 | D:2      | Found Wah Efyeck's Magic Scroll Emporium.
  2032 | D:3      | Reached XP level 5. HP: 28/45 MP: 5/5
  2238 | D:3      | Found a large runed translucent door.
  2238 | D:3      | Found a large runed translucent door.
  2239 | D:3      | Noticed Hubris850's ghost (amateur MiFi)
  2549 | D:2      | Upgraded the game from 0.28-a0-1038-g9c4cb8273d to
                  | 0.28-a0-1080-g05a166d0ed
  2753 | D:3      | HP: 2/45 [gnoll (2)]
  2753 | D:3      | Mangled by a gnoll shaman

Illustrated notes

Levels and vault maps discovered:
D:1:      denvon_arrival_waterhouse, layout_basic, serial_aquarium,
          aquarium_bridge_straight [aquarium_subvault_bridge,
          aquarium_subvault_window, aquarium_subvault_bridge,
          aquarium_subvault_wall], aquarium_window_corner, aquarium_window_fake,
          aquarium_view_2e, aquarium_view_2a, aquarium_balcony_3b,
          aquarium_pool_2, ebering_ecumenical_altar_ruins, serial_shops,
          nicolae_shop_behind_doors
D:2:      layout_loops_ring, serial_shops, nicolae_diamond_shop
D:3:      layout_basic, ebering_ghost_disaster_area, uniq_terence

Skill      XL: |  1  2  3  4 |
---------------+-------------+-----
Axes           | 4 5 |  5.9
Fighting       | |  2.0
Throwing       | |  1.7
Dodging        | |  2.4

Action                   |  1- 3 |  4- 6 || total
-------------------------+-------+-------++-------
Melee: War axe           |    52 |    64 ||   116
Throw: Throwing net      |     1 |       ||     1
 Abil: Spit Poison       |    11 |    13 ||    24
  Use: Scroll            |       |     1 ||     1
Armor: Leather armour    |    18 |     4 ||    22
       Ring mail         |       |    16 ||    16
Dodge: Dodged            |    34 |    34 ||    68

Table legend: (Time is in decaauts)
 A = Elapsed time spent in this place.
 B = Non-inter-level travel time spent in this place.
 C = Inter-level travel time spent in this place.
 D = Time resting spent in this place.
 E = Time spent auto-exploring this place.
 F = Levels seen in this place.
 G = Mean time per level.
                   A        B        C        D        E       F      G
               +--------+--------+--------+--------+--------+-----+--------+
         Total |   3469 |   3366 |    103 |    104 |   2761 |   3 | 1156.3 |
       Dungeon |   3469 |   3366 |    103 |    104 |   2761 |   3 | 1156.3 |
               +--------+--------+--------+--------+--------+-----+--------+

Top non-repeatable levels by time:
     D:2: 1371 daAuts
     D:1: 1113 daAuts
     D:3: 984 daAuts
